 Dungeon Crawl Stone Soup version 0.18-a0-1718-g40ea4b6 (webtiles) character file.

72 namelastname112 the Ruffian (level 4, 0/42 HPs)
             Began as a Naga Monk on Apr 8, 2016.
             Slain by a giant frog (5 damage)
             ... on level 2 of the Dungeon.
             The game lasted 00:01:56 (1854 turns).

namelastname112 the Ruffian (Naga Monk)             Turns: 1854, Time: 00:01:57

Health: 0/42       AC:  2    Str: 15    XL:     4   Next: 26%
Magic:  4/4        EV: 10    Int: 10    God:
Gold:   87         SH:  0    Dex: 13    Spells: 0 memorised, 3 levels left

rFire  . . .     SeeInvis +     c - +1 dagger (elec)
rCold  . . .     Gourm    .     d - +0 leather armour
rNeg   . . .     Faith    .     (no shield)
rPois  +         Spirit   .     (no helmet)
rElec  .         Dismiss  .     (no cloak)
rCorr  .         Reflect  .     (no gloves)
SustAt .         Harm     .     (no barding)
MR     .....                    (no amulet)
Stlth  ++........               (no ring)
                                (no ring)

@: very slightly contaminated, hasted, quick, not resistant to hostile
enchantments, unstealthy
A: see invisible, deformed body, poison resistance, slowness 2, slow metabolism
1, spit poison 2, AC +1
a: Spit Poison


You were on level 2 of the Dungeon.
You were very hungry.

You visited 1 branch of the dungeon, and saw 2 of its levels.

You collected 87 gold pieces.

Inventory:

Hand Weapons
 c - a +1 dagger of electrocution (weapon)
Missiles
 g - a throwing net (quivered)
Armour
 d - a +0 leather armour (worn)
Wands
 j - a wand of disintegration (14/24)
Scrolls
 a - a scroll of random uselessness {unknown}
 h - a scroll of remove curse {unknown}
 i - a scroll of enchant weapon {unknown}
Potions
 k - a potion of degeneration {unknown}
Comestibles
 b - 4 bread rations


   Skills:
 + Level 3.5 Fighting
 + Level 1.0 Armour
 + Level 2.8 Dodging
 - Level 3.0 Stealth
 * Level 4.6 Unarmed Combat


You had 3 spell levels left.
You didn't know any spells.

Dungeon Overview and Level Annotations

Branches:
Dungeon (2/15)

Altars:
Dithmenos
Nemelex Xobeh


Innate Abilities, Weirdness & Mutations

You cannot wear boots.
Your serpentine skin is tough (AC +1).
You have supernaturally acute eyesight.
Armour fits poorly on your strangely shaped body.
Your system is resistant to poisons.
You cover ground very slowly.
You have a slow metabolism.
You can spit poison.


Message History

The giant frog is moderately wounded.
The giant frog barely misses you.
The gnoll hits you from afar with a spear.
You barely miss the giant frog.
The giant frog is moderately wounded.
The giant frog hits you. x2
The gnoll hits you from afar with a spear!
* * * LOW HITPOINT WARNING * * *
The giant frog misses you.
Drink which item? (? for menu, Esc to quit)
It was a potion of magic.
Magic courses through your body. The giant frog hits you.
* * * LOW HITPOINT WARNING * * *
The giant frog hits you but does no damage.
Drink which item? (? for menu, Esc to quit)
It was a potion of haste.
You feel yourself speed up. The giant frog barely misses you.
You are very lightly contaminated with residual magic.
The giant frog hits you.
You die...

#.....#...# ..
#.........# ..
#.....#...# .
###...†.#####
#.........#
#.###.###.# # #.#
#.# #+## ##.# #.#
#...# #..###@#
#..... #.#.##F#
#......
#...>#.##g......
#.....(g'g......
#.........##g......
####.#.#### #......
#.### #..... #..
#...# ## #...


You could see a giant frog and a gnoll.

Vanquished Creatures
  Ijyb (D:2)
  An adder (D:2)
  2 giant geckos
  8 bats
  6 goblins
  5 hobgoblins
  A quokka (D:2)
  A ball python (D:1)
  A giant newt (D:1)
  3 kobolds
  5 rats (D:1)
34 creatures vanquished.

Notes
Turn   | Place    | Note
--------------------------------------------------------------
     0 | D:1      | namelastname112 the Naga Monk began the quest for the Orb.
     0 | D:1      | Reached XP level 1. HP: 21/21 MP: 1/1
   300 | D:1      | Reached XP level 2. HP: 28/28 MP: 2/2
   445 | D:1      | HP: 1/28 [rat (3)]
  1028 | D:1      | Reached XP level 3. HP: 28/34 MP: 3/3
  1662 | D:2      | Found a shadowy altar of Dithmenos.
  1689 | D:2      | Found a sparkling altar of Nemelex Xobeh.
  1695 | D:2      | Noticed Ijyb
  1696 | D:2      | Killed Ijyb
  1696 | D:2      | Reached skill level 1 in Armour
  1696 | D:2      | Reached XP level 4. HP: 42/42 MP: 4/4
  1843 | D:2      | Noticed a giant frog
  1854 | D:2      | Slain by a giant frog

Vault maps used:
D:1:      dpeg_arrival_tiny_i
D:2:      marbit_many_paths, lemuel_crystal_altar, lemuel_doored_altar,
          johnstein_pakellas_dig, first_bread, amethyst_killhole, uniq_iyjb

Skill      XL: |  1  2  3 |
---------------+----------+-----
Armour         | 1 |  1.0
Fighting       | |  3.5
Dodging        | |  2.8
Stealth        | |  3.0
Unarmed Combat | |  4.6

Action                   |  1- 3 |  4- 6 || total
-------------------------+-------+-------++-------
Melee: Unarmed           |    43 |       ||    43
       Dagger            |    47 |     6 ||    53
 Abil: Spit Poison       |     7 |       ||     7
  Use: Potion            |       |     2 ||     2
 Stab: Sleeping          |     6 |       ||     6
  Eat: Chunk             |     1 |       ||     1
